 Dungeon Crawl Stone Soup version 0.26-a0-466-g989023bd0d (webtiles) character file.

Game seed: 5263822329993623150

379 Lanoc the Sneak (level 6, -2/48 HPs)
             Began as a Demonspawn Brigand on Aug 5, 2020.
             Was an Initiate of Ashenzari.
             Succumbed to an orc wizard's poison
             ... on level 4 of the Dungeon.
             The game lasted 00:06:21 (3686 turns).

Lanoc the Sneak (Demonspawn Brigand)                Turns: 3686, Time: 00:06:21

Health: -2/48      AC:  6    Str: 10 (12) XL:     6   Next: 45%
Magic:  3/6        EV: 14    Int:  9 (12) God:    Ashenzari [......]
Gold:   61         SH:  0    Dex: 16      Spells: 5/5 levels left

rFire    . . .     SeeInvis .   a - +2 dagger
rCold    . . .     Faith    .   (no shield)
rNeg     . . .     Spirit   +   b - +0 robe
rPois    .         Reflect  .   (helmet restricted)
rElec    .         Harm     .   c - +0 cloak
rCorr    .                      (no gloves)
MR       .....                  k - +0 pair of boots
Stlth    +++.......             (no amulet)
HPRegen  0.16/turn              (no ring)
MPRegen  0.10/turn              (no ring)

@: lethally poisoned (-2 -> -34), slowed, very slow
A: antennae 1, thin metallic scales 1, magic shield
a: Curse Item, Renounce Religion


You were on level 4 of the Dungeon.
You worshipped Ashenzari.
Ashenzari was noncommittal.
You visited 1 branch of the dungeon, and saw 5 of its levels.

You collected 126 gold pieces.
You spent 65 gold pieces at shops.

Inventory:

Hand Weapons
 a - a +2 dagger (weapon)
Missiles
 d - 39 poisoned darts (quivered)
 e - 2 curare-tipped darts
Armour
 b - a +0 robe (worn)
 c - a +0 cloak (worn)
 k - a +0 pair of boots (worn)
Scrolls
 f - a scroll of random uselessness {unknown}
 g - a scroll of fear {unknown}
 h - 6 scrolls of identify {unknown}
 i - 2 scrolls of magic mapping {unknown}
 j - 2 scrolls of amnesia {unknown}
 l - 2 scrolls of teleportation {unknown}
 n - a scroll of acquirement {unknown}


   Skills:
 + Level 4.2 Fighting
 - Level 1.7 Short Blades
 - Level 1.7 Throwing
 + Level 3.5 Dodging
 + Level 5.3 Stealth


You had 5 spell levels left.
You didn't know any spells.
Your spell library was empty.

Dungeon Overview and Level Annotations

Branches:
Dungeon (5/15)
 Temple: D:4-7

Altars:
Ashenzari

Shops:
D:4 !


Innate Abilities, Weirdness & Mutations

You have a pair of small antennae on your head.
You are partially covered in thin metallic scales. (AC +2)
When hurt, damage is shared between your health and your magic reserves.


Message History

The orc wizard casts a spell.
The orc wizard blinks!
Things that are here:
a +0 mace; an orc corpse
* * * LOW HITPOINT WARNING * * *
You feel very sick.
The orc wizard mumbles some strange words.
The orc wizard blinks!
You see here an uncursed ring of flight.
* * * LOW HITPOINT WARNING * * *
You feel very sick.
The orc wizard is no longer moving quickly.
The orc wizard misses you.
The orc wizard casts a spell.
The orc wizard seems to speed up.
You hit the orc wizard.
You kill the orc wizard!
* * * LOW HITPOINT WARNING * * *
You feel very sick.
You die...

###############################
#....#.........................
#....#....<....................
#....#.........................
#....#..........)[........(...†
#....#........@.)..............
#....#.......>=................
####..###...###.).##.#########..#
#....####...###...##.####...###'#
##..)..#.............#...........
#.....#.............'...........
#.....#.............#...........
#.....+.............#...........
#...................#...........


There were no monsters in sight!

Vanquished Creatures
  An ogre (D:4)
  4 orc wizards
  2 hounds (D:4)
  A worker ant (D:4)
  A hound skeleton (D:5)
  2 adders (D:2)
  An ufetubus (D:5)
  4 worms (D:2)
  A dart slug (D:3)
  3 leopard geckos
  9 orcs
  A bat (D:3)
  4 giant cockroaches
  4 hobgoblins
  4 jackals
  3 kobolds (D:2)
  4 frilled lizards
  7 goblins
  A jackal skeleton (D:4)
  A jackal zombie (D:5)
58 creatures vanquished.

Notes
Turn   | Place    | Note
-------+----------+-------------------------------------------
     0 | D:1      | Lanoc the Demonspawn Brigand began the quest for the Orb.
     0 | D:1      | Reached XP level 1. HP: 16/16 MP: 1/1
    33 | D:2      | Reached skill level 1 in Dodging
    65 | D:2      | Gained mutation: When hurt, damage is shared between your
                  | health and your magic reserves. [demonic ancestry]
    65 | D:2      | Reached XP level 2. HP: 11/22 MP: 2/2
   721 | D:2      | Reached skill level 4 in Stealth
   721 | D:2      | Reached XP level 3. HP: 16/28 MP: 1/3
  1602 | D:3      | Noticed an ogre
  1713 | D:3      | Gained mutation: You are partially covered in thin metallic
                  | scales. (AC +2) [demonic ancestry]
  1713 | D:3      | Reached XP level 4. HP: 24/34 MP: 2/4
  2447 | D:4      | Found a shattered altar of Ashenzari.
  2467 | D:4      | Became a worshipper of Ashenzari the Shackled
  2509 | D:4      | Found Cedid's Distillery.
  2512 | D:4      | Bought a potion of heal wounds for 65 gold pieces
  2533 | D:4      | Reached XP level 5. HP: 41/41 MP: 5/5
  2562 | D:4      | Noticed an ogre
  2798 | D:5      | Entered Level 5 of the Dungeon
  3041 | D:5      | Noticed an ogre
  3403 | D:4      | Killed an ogre
  3403 | D:4      | Reached skill level 5 in Stealth
  3403 | D:4      | Gained mutation: You have a pair of small antennae on your
                  | head. [demonic ancestry]
  3403 | D:4      | Reached XP level 6. HP: 16/48 MP: 0/6
  3685 | D:4      | HP: 2/48 [poisoned by an orc wizard]
  3686 | D:4      | Succumbed to an orc wizard's poison

Illustrated notes

Levels and vault maps discovered:
D:1:      mrwooster_arrival_arrow, layout_rooms, minmay_pentomino_o2
D:2:      layout_basic
D:3:      layout_basic, chequers_ecumenical_altar_simple_redux
D:4:      layout_gridville, serial_shops, kennysheep_mini,
          chequers_decorated_corner, corexii_item_surrounded_by_moat,
          evilmike_ruin_ashenzari
D:5:      layout_basic

Skill      XL: |  1  2  3  4  5 |
---------------+----------------+-----
Dodging        | 1 2 3 |  3.5
Stealth        | 4 5 |  5.3
Fighting       | 3 4 |  4.2
Short Blades   | |  1.7
Throwing       | |  1.7

Action                   |  1- 3 |  4- 6 || total
-------------------------+-------+-------++-------
Melee: Dagger            |   104 |   187 ||   291
  Use: Potion            |       |     6 ||     6
 Stab: Sleeping          |    10 |     8 ||    18
Armor: Robe              |    10 |    47 ||    57
       Skin              |       |    29 ||    29
Dodge: Dodged            |    41 |   138 ||   179

Table legend: (Time is in decaauts)
 A = Elapsed time spent in this place.
 B = Non-inter-level travel time spent in this place.
 C = Inter-level travel time spent in this place.
 D = Time resting spent in this place.
 E = Time spent auto-exploring this place.
 F = Levels seen in this place.
 G = Mean time per level.
                   A        B        C        D        E       F      G
               +--------+--------+--------+--------+--------+-----+--------+
         Total |   3647 |   3561 |     86 |    673 |   2170 |   5 |  729.4 |
       Dungeon |   3647 |   3561 |     86 |    673 |   2170 |   5 |  729.4 |
               +--------+--------+--------+--------+--------+-----+--------+

Top non-repeatable levels by time:
     D:2: 1786 daAuts
     D:4: 934 daAuts
     D:5: 517 daAuts
     D:3: 379 daAuts
     D:1: 29 daAuts
